 Dungeon Crawl Stone Soup version 0.29.0-4-gdea44cf6ec (webtiles) character file.

Game seed: 12449629678452414237

5630 qw the Cleaver (level 11, 0/86 HPs)
             Began as a Formicid Cinder Acolyte on Sept 4, 2022.
             Was a Follower of Ignis.
             Slain by a skeletal warrior
             ... wielding a +0 flail
              (7 damage)
             ... on level 9 of the Dungeon.
             The game lasted 00:04:18 (10179 turns).

qw the Cleaver (Formicid Cinder Acolyte)           Turns: 10179, Time: 00:04:19

Health: 0/86       AC: 20    Str: 24    XL:     11   Next: 3%
Magic:  12/12      EV:  8    Int: 13    God:    Ignis [*.....]
Gold:   482        SH:  0    Dex:  9    Spells: 12/12 levels left

rFire   + . .      SeeInvis +   Y - +0 hand axe (venom)
rCold   . . .      Faith    .   (no shield)
rNeg    . . .      Spirit   .   j - +0 chain mail
rPois   .          Reflect  .   (helmet unavailable)
rElec   .          Harm     .   (no cloak)
rCorr   +          Rampage  .   r - +2 pair of gloves
Will    +....                   (no boots)
Stlth   ..........              (no amulet)
HPRegen 0.24/turn               i - +4 ring of slaying {mikee}
MPRegen 0.13/turn               m - ring of resist corrosion

@: fiery-armoured
A: permanent stasis, dig shafts and tunnels, antennae 3, four strong arms
a: Dig, Shaft Self, Renounce Religion, Fiery Armour, Foxfire Swarm, Rising Flame


You were on level 9 of the Dungeon.
You worshipped Ignis.
Ignis was aware of your devotion.
You visited 1 branch of the dungeon, and saw 9 of its levels.

You collected 572 gold pieces.
You spent 90 gold pieces at shops.


Innate Abilities, Weirdness & Mutations

You cannot be hasted, slowed, berserked, paralysed or teleported.
You can dig through walls and to a lower floor.
You have a pair of large antennae on your head. (SInv)
Your four strong arms can wield two-handed weapons with a shield.


   Skills:
 - Level 8.0 Fighting
 + Level 12.9 Axes
 - Level 3.1 Throwing
 - Level 5.0 Armour
 - Level 2.3 Dodging
 - Level 1.1 Spellcasting
 - Level 3.0 Fire Magic


You had 12 spell levels left.
You didn't know any spells.
Your spell library contained the following spells:

 Spells                   Type           Power      Damage    Failure   Level
 Scorch                   Fire           16%        2d6       63%         2

Inventory:

Hand Weapons
 d - a +0 great mace
 Y - a +0 hand axe of venom (weapon)
Missiles
 b - 3 boomerangs (quivered)
Armour
 j - a +0 chain mail (worn)
 r - a +2 pair of gloves (worn)
Jewellery
 i - a +4 ring of slaying (left hand) {mikee}
 m - a ring of resist corrosion (right hand)
Scrolls
 a - a scroll of identify
 k - 2 scrolls of enchant armour
 q - a scroll of teleportation
Potions
 c - a potion of haste
 e - 2 potions of might
 f - 4 potions of curing
 h - a potion of cancellation
 l - a potion of resistance

Dungeon Overview and Level Annotations

Branches:
Dungeon (9/15)             Temple (0/1) D:7
   Lair: D:8-11         Orc: D:9-12

Altars:
Cheibriados
Elyvilon
Makhleb
Ru
Wu Jian
Zin

Annotations:
D:6 1 runed translucent door, qw's ghost, novice FoCA
D:8 3 runed translucent doors, qw's ghost, novice TrCA


Message History

The skeletal warrior is moderately damaged.
The skeletal warrior hits you but does no damage.
You hit the skeletal warrior but do no damage.
The skeletal warrior is moderately damaged.
The skeletal warrior hits you with a +0 flail.
You hit the skeletal warrior but do no damage.
The skeletal warrior is moderately damaged.
You hit the skeletal warrior.
The skeletal warrior is heavily damaged.
The skeletal warrior barely misses you.
You hit the skeletal warrior.
The skeletal warrior is heavily damaged.
The skeletal warrior hits you but does no damage.
You hit the skeletal warrior.
The skeletal warrior is heavily damaged.
You slash the skeletal warrior!
The skeletal warrior is severely damaged.
The skeletal warrior hits you but does no damage.
You hit the skeletal warrior but do no damage.
The skeletal warrior is severely damaged.
The skeletal warrior hits you but does no damage.
You completely miss the skeletal warrior.
The skeletal warrior is severely damaged.
You hit the skeletal warrior but do no damage.
The skeletal warrior is severely damaged.
The skeletal warrior hits you with a +0 flail!
You hit the skeletal warrior but do no damage.
The skeletal warrior is severely damaged.
The skeletal warrior closely misses you.
You hit the skeletal warrior but do no damage.
The skeletal warrior is severely damaged.
You hit the skeletal warrior but do no damage.
The skeletal warrior is severely damaged.
The skeletal warrior hits you with a +0 flail.
The skeletal warrior is burned by your cloak of flames.
The skeletal warrior is severely damaged.
You completely miss the skeletal warrior.
The skeletal warrior is severely damaged.
The skeletal warrior hits you with a +0 flail!
You die...

#.# #.####
#....# {
####.# #.#
#######.#####
.........<..#
#######.#z#.#
........#@#.#
#######...#.#
#.###.# #.#
#.# #.# #.#
#.# #.# #.#
#..


You could see a skeletal warrior.

Vanquished Creatures
  A komodo dragon (D:6)
  2 trolls (D:9)
  A yak (D:9)
  2 steam dragons
  5 water moccasins
  Duvessa (D:5)
  2 orc warriors
  4 sky beasts
  An ice beast (D:6)
  2 black bears
  5 ogres
  5 centaurs
  4 phantoms
  5 kobold brigands
  2 bullfrogs
  3 necrophages (D:6)
  A water moccasin zombie (D:4)
  Dowan (D:5)
  A killer bee (D:6)
  2 lava snakes (D:7)
  2 centaur zombies (D:4)
  5 jellies
  3 gnoll boudas
  5 iguanas
  A scorpion zombie (D:4)
  10 orc wizards
  2 hound zombies (D:4)
  A hound skeleton (D:4)
  15 gnolls
  A howler monkey skeleton (D:4)
  7 adders
  2 white imps
  3 ufetubi (D:6)
  5 adder zombies (D:4)
  4 dart slugs
  26 orcs
  4 bats
  5 endoplasms
  A giant cockroach (D:1)
  4 goblins
  3 hobgoblins
  4 jackals
  29 kobolds
  5 quokkas
  10 ball pythons
  4 frilled lizards
  A quokka zombie (D:4)
  4 rats
216 creatures vanquished.

Vanquished Creatures (others)
  A plant (D:5)
  2 withered plants (D:4)
3 creatures vanquished.

Grand Total: 219 creatures vanquished

Notes
Turn   | Place    | Note
-------+----------+-------------------------------------------
     0 | D:1      | qw the Formicid Cinder Acolyte began the quest for the Orb.
     0 | D:1      | Reached XP level 1. HP: 18/18 MP: 2/2
     0 | D:1      | 0 ||| qw: Version: 0.1-a-102-g441f92d
     0 | D:1      | 0 ||| qw: Game counter: 5359
     0 | D:1      | 0 ||| qw: Always use a shield: true
     0 | D:1      | 0 ||| qw: God list: Okawaru
     0 | D:1      | 0 ||| qw: Allow faded altars: false
     0 | D:1      | 0 ||| qw: Do Orc after D:15 true
     0 | D:1      | 0 ||| qw: Do second Lair branch before Depths: true
     0 | D:1      | 0 ||| qw: Lair rune preference: random
     0 | D:1      | 0 ||| qw: Plans: Normal
     0 | D:1      | 0 ||| PLANNING D:1-11
   127 | D:1      | 127 ||| INVOKING Fiery Armour.
   130 | D:1      | Reached XP level 2. HP: 11/24 MP: 3/3
   612 | D:1      | Reached skill level 4 in Axes
   612 | D:1      | Reached XP level 3. HP: 26/29 MP: 4/4
   798 | D:1      | You fall into a shaft and drop 1 floor!
   799 | D:2      | 799 ||| UPGRADING to +0 ring mail.
   809 | D:2      | 809 ||| DROPPING +0 robe.
   810 | D:2      | 810 ||| READING scroll labelled WUTZAL HAUDEWU.
   811 | D:2      | 811 ||| DRINKING 2 viscous brown potions.
  1185 | D:1      | Reached skill level 1 in Armour
  1320 | D:1      | 1320 ||| READING scroll labelled RUKLOCEACE.
  1409 | D:2      | Found a faded altar of an unknown god.
  1413 | D:2      | 1413 ||| STAIRDANCE
  1416 | D:1      | 1416 ||| READING 2 scrolls labelled ECEDACL NORUPE.
  1417 | D:1      | 1417 ||| DROPPING scroll of fear.
  1727 | D:2      | Reached XP level 4. HP: 34/35 MP: 5/5
  1880 | D:2      | 1880 ||| UPGRADING to +4 ring of slaying {mikee}.
  1881 | D:2      | 1881 ||| READING scroll labelled XIZXIU IFFILU.
  1882 | D:2      | 1882 ||| READING scroll labelled GEIREU QUHOCWURIL.
  2410 | D:3      | Found a snail-covered altar of Cheibriados.
  2738 | D:3      | 2738 ||| DROPPING ring of wizardry.
  2739 | D:3      | 2739 ||| UPGRADING to ring of resist corrosion.
  2740 | D:3      | 2740 ||| READING scroll labelled TYMOCR JEURCHU.
  2741 | D:3      | 2741 ||| DRINKING 2 fuming black potions.
  2742 | D:3      | 2742 ||| READING 2 scrolls of identify.
  2742 | D:3      | 2742 ||| IDENTIFYING smoky purple potion
  2743 | D:3      | 2743 ||| DROPPING potion of attraction.
  2883 | D:4      | 2883 ||| Stepping ~*~*~tactically~*~*~ (stealth).
  2896 | D:4      | Reached skill level 5 in Axes
  2896 | D:4      | Reached XP level 5. HP: 27/41 MP: 6/6
  3025 | D:4      | Reached skill level 1 in Dodging
  3062 | D:4      | 3062 ||| Stepping ~*~*~tactically~*~*~ (stealth).
  3070 | D:4      | Reached XP level 6. HP: 47/47 MP: 7/7
  3078 | D:4      | Reached skill level 6 in Axes
  3144 | D:4      | 3144 ||| Stepping ~*~*~tactically~*~*~ (stealth).
  3146 | D:4      | 3146 ||| Stepping ~*~*~tactically~*~*~ (stealth).
  3147 | D:4      | 3147 ||| Stepping ~*~*~tactically~*~*~ (stealth).
  3148 | D:4      | 3148 ||| Stepping ~*~*~tactically~*~*~ (stealth).
  3150 | D:4      | 3150 ||| Stepping ~*~*~tactically~*~*~ (stealth).
  3152 | D:4      | 3152 ||| Stepping ~*~*~tactically~*~*~ (stealth).
  3216 | D:4      | 3216 ||| Stepping ~*~*~tactically~*~*~ (stealth).
  3416 | D:4      | Found a burning altar of Makhleb.
  3656 | D:4      | Reached XP level 7. HP: 53/55 MP: 8/8
  3829 | D:4      | Identified the +7 sling of Paper {flame, Int+4}
  4072 | D:4      | Reached skill level 7 in Axes
  4155 | D:4      | 4155 ||| Stepping ~*~*~tactically~*~*~ (hiding).
  4287 | D:4      | 4287 ||| UPGRADING to +0 pair of gloves.
  4292 | D:4      | 4292 ||| UPGRADING to +0 scale mail.
  4302 | D:4      | 4302 ||| DROPPING +0 ring mail.
  4303 | D:4      | 4303 ||| UPGRADING to +1 pair of gloves.
  4313 | D:4      | 4313 ||| DROPPING +0 pair of gloves.
  4314 | D:4      | 4314 ||| READING scroll of enchant armour.
  4314 | D:4      | 4314 ||| ENCHANTING +1 pair of gloves.
  4315 | D:4      | 4315 ||| READING scroll labelled ITASUF JULUOVI.
  4316 | D:4      | 4316 ||| READING scroll labelled QEPHEY KOCVIM.
  4348 | D:4      | 4348 ||| DROPPING +0 club.
  4349 | D:4      | 4349 ||| READING 2 scrolls labelled RUCEELOTOQ.
  4350 | D:4      | 4350 ||| DRINKING 2 orange potions.
  4351 | D:4      | 4351 ||| DRINKING 2 bubbling clear potions.
  4452 | D:4      | 4452 ||| READING 2 scrolls of identify.
  4452 | D:4      | 4452 ||| IDENTIFYING golden potion
  4453 | D:4      | 4453 ||| DROPPING potion of magic.
  4454 | D:4      | 4454 ||| DROPPING potion of ambrosia.
  4470 | D:5      | Entered Level 5 of the Dungeon
  4484 | D:5      | 4484 ||| Stepping ~*~*~tactically~*~*~ (hiding).
  4624 | D:5      | 4624 ||| INVOKING Fiery Armour.
  4636 | D:5      | Reached XP level 8. HP: 57/61 MP: 9/9
  4703 | D:5      | Found a white marble altar of Elyvilon.
  4724 | D:5      | Noticed Duvessa
  4727 | D:5      | Noticed Dowan
  4728 | D:5      | 4728 ||| Stepping ~*~*~tactically~*~*~ (stealth).
  4730 | D:5      | 4730 ||| INVOKING Fiery Armour.
  4734 | D:5      | Killed Duvessa
  4735 | D:5      | Reached skill level 8 in Axes
  4738 | D:5      | Killed Dowan
  5078 | D:5      | 5078 ||| Stepping ~*~*~tactically~*~*~ (stealth).
  5081 | D:5      | 5081 ||| Stepping ~*~*~tactically~*~*~ (hiding).
  5323 | D:5      | 5323 ||| READING 2 scrolls labelled PONKESAES.
  5324 | D:5      | 5324 ||| DRINKING 2 fizzy purple potions.
  5371 | D:5      | 5371 ||| DRINKING 2 green potions.
  5372 | D:5      | 5372 ||| READING 2 scrolls of identify.
  5372 | D:5      | 5372 ||| IDENTIFYING clear potion
  5373 | D:5      | 5373 ||| DROPPING potion of lignification.
  5374 | D:5      | 5374 ||| DROPPING scroll of fog.
  5375 | D:5      | 5375 ||| DROPPING potion of brilliance.
  5381 | D:6      | 5381 ||| INVOKING Fiery Armour.
  5387 | D:6      | Reached skill level 9 in Axes
  5503 | D:6      | Reached XP level 9. HP: 69/69 MP: 10/10
  5537 | D:6      | 5537 ||| INVOKING Fiery Armour.
  5542 | D:6      | Reached skill level 6 in Fighting
  5551 | D:6      | Found a runed translucent door.
  5711 | D:6      | Found a sacrificial altar of Ru.
  5713 | D:6      | 5713 ||| Stepping ~*~*~tactically~*~*~ (stealth).
  5800 | D:6      | 5800 ||| Stepping randomly (stuck).
  5802 | D:6      | 5802 ||| Stepping randomly (stuck).
  5804 | D:6      | 5804 ||| Stepping randomly (stuck).
  5805 | D:6      | 5805 ||| Stepping randomly (stuck).
  5806 | D:6      | 5806 ||| Stepping randomly (stuck).
  5807 | D:6      | 5807 ||| Stepping randomly (stuck).
  5808 | D:6      | 5808 ||| Stepping randomly (stuck).
  5809 | D:6      | 5809 ||| Stepping randomly (stuck).
  5818 | D:6      | 5818 ||| Stepping randomly (stuck).
  5819 | D:6      | 5819 ||| Stepping randomly (stuck).
  5820 | D:6      | 5820 ||| Stepping randomly (stuck).
  5821 | D:6      | 5821 ||| Stepping randomly (stuck).
  5822 | D:6      | 5822 ||| Stepping randomly (stuck).
  5824 | D:6      | Reached skill level 10 in Axes
  5824 | D:6      | 5824 ||| Stepping randomly (stuck).
  5825 | D:6      | 5825 ||| Stepping randomly (stuck).
  5826 | D:6      | 5826 ||| Stepping randomly (stuck).
  5827 | D:6      | 5827 ||| Stepping randomly (stuck).
  5828 | D:6      | 5828 ||| Stepping randomly (stuck).
  5829 | D:6      | 5829 ||| Stepping randomly (stuck).
  5843 | D:6      | Reached skill level 3 in Armour
  5843 | D:6      | 5843 ||| Stepping randomly (stuck).
  5844 | D:6      | 5844 ||| Stepping randomly (stuck).
  5845 | D:6      | 5845 ||| Stepping randomly (stuck).
  5846 | D:6      | 5846 ||| Stepping randomly (stuck).
  5847 | D:6      | 5847 ||| Stepping randomly (stuck).
  5848 | D:6      | 5848 ||| Stepping randomly (stuck).
  5849 | D:6      | 5849 ||| Stepping randomly (stuck).
  5851 | D:6      | 5851 ||| Stepping randomly (stuck).
  5853 | D:6      | 5853 ||| Stepping randomly (stuck).
  5854 | D:6      | 5854 ||| Stepping randomly (stuck).
  5855 | D:6      | 5855 ||| Stepping randomly (stuck).
  5856 | D:6      | 5856 ||| Stepping randomly (stuck).
  5857 | D:6      | 5857 ||| Stepping randomly (stuck).
  5858 | D:6      | 5858 ||| Stepping randomly (stuck).
  5860 | D:6      | 5860 ||| Stepping randomly (stuck).
  5861 | D:6      | 5861 ||| Stepping randomly (stuck).
  5862 | D:6      | 5862 ||| Stepping randomly (stuck).
  5863 | D:6      | 5863 ||| Stepping randomly (stuck).
  5864 | D:6      | 5864 ||| Stepping randomly (stuck).
  5865 | D:6      | 5865 ||| Stepping randomly (stuck).
  5874 | D:6      | 5874 ||| Stepping randomly (stuck).
  5875 | D:6      | 5875 ||| Stepping randomly (stuck).
  5876 | D:6      | 5876 ||| Stepping randomly (stuck).
  5877 | D:6      | 5877 ||| Stepping randomly (stuck).
  5878 | D:6      | 5878 ||| Stepping randomly (stuck).
  5880 | D:6      | 5880 ||| Stepping randomly (stuck).
  5882 | D:6      | 5882 ||| Stepping randomly (stuck).
  5883 | D:6      | 5883 ||| Stepping randomly (stuck).
  5884 | D:6      | 5884 ||| Stepping randomly (stuck).
  5885 | D:6      | 5885 ||| Stepping randomly (stuck).
  5886 | D:6      | 5886 ||| Stepping randomly (stuck).
  5887 | D:6      | 5887 ||| Stepping randomly (stuck).
  5888 | D:6      | 5888 ||| Stepping randomly (stuck).
  5889 | D:6      | 5889 ||| Stepping randomly (stuck).
  5890 | D:6      | 5890 ||| Stepping randomly (stuck).
  5891 | D:6      | 5891 ||| Stepping randomly (stuck).
  5892 | D:6      | 5892 ||| Stepping randomly (stuck).
  5902 | D:6      | 5902 ||| Stepping randomly (stuck).
  5903 | D:6      | 5903 ||| Stepping randomly (stuck).
  5904 | D:6      | 5904 ||| Stepping randomly (stuck).
  5905 | D:6      | 5905 ||| Stepping randomly (stuck).
  5906 | D:6      | 5906 ||| Stepping randomly (stuck).
  5907 | D:6      | 5907 ||| Stepping randomly (stuck).
  5908 | D:6      | 5908 ||| Stepping randomly (stuck).
  5909 | D:6      | 5909 ||| Stepping randomly (stuck).
  5910 | D:6      | 5910 ||| Stepping randomly (stuck).
  5911 | D:6      | 5911 ||| Stepping randomly (stuck).
  5912 | D:6      | 5912 ||| Stepping randomly (stuck).
  5913 | D:6      | 5913 ||| Stepping randomly (stuck).
  5914 | D:6      | 5914 ||| Stepping randomly (stuck).
  5915 | D:6      | 5915 ||| Stepping randomly (stuck).
  5916 | D:6      | 5916 ||| Stepping randomly (stuck).
  5926 | D:6      | 5926 ||| Stepping randomly (stuck).
  5927 | D:6      | 5927 ||| Stepping randomly (stuck).
  5928 | D:6      | 5928 ||| Stepping randomly (stuck).
  5931 | D:6      | 5931 ||| Stepping randomly (stuck).
  5935 | D:6      | 5935 ||| Stepping randomly (stuck).
  5936 | D:6      | 5936 ||| Stepping randomly (stuck).
  5938 | D:6      | 5938 ||| Stepping randomly (stuck).
  5940 | D:6      | 5940 ||| Stepping randomly (stuck).
  5942 | D:6      | 5942 ||| Stepping randomly (stuck).
  5943 | D:6      | 5943 ||| Stepping randomly (stuck).
  5945 | D:6      | 5945 ||| Stepping randomly (stuck).
  5946 | D:6      | 5946 ||| Stepping randomly (stuck).
  5948 | D:6      | 5948 ||| Stepping randomly (stuck).
  5949 | D:6      | 5949 ||| Stepping randomly (stuck).
  5958 | D:6      | 5958 ||| Stepping randomly (stuck).
  5960 | D:6      | 5960 ||| Stepping randomly (stuck).
  5974 | D:6      | 5974 ||| INVOKING Fiery Armour.
  6014 | D:6      | 6014 ||| Stepping ~*~*~tactically~*~*~ (stealth).
  6074 | D:6      | Noticed a komodo dragon
  6080 | D:6      | Reached skill level 3 in Throwing
  6090 | D:6      | Killed a komodo dragon
  6219 | D:6      | Reached XP level 10. HP: 72/79 MP: 11/11
  6229 | D:6      | Reached skill level 11 in Axes
  6884 | D:6      | Noticed qw's ghost (novice FoCA)
  6918 | D:6      | 6918 ||| DROPPING ring of magical power.
  6919 | D:6      | 6919 ||| READING 2 scrolls of identify.
  6919 | D:6      | 6919 ||| IDENTIFYING ruby potion
  6962 | D:7      | 6962 ||| READING scroll of brand weapon.
  6962 | D:7      | 6962 ||| BRANDING +0 hand axe of protection.
  6986 | D:7      | 6986 ||| FLEEEEING.
  6987 | D:7      | 6987 ||| FLEEEEING.
  6988 | D:7      | 6988 ||| FLEEEEING.
  6989 | D:7      | 6989 ||| FLEEEEING.
  6997 | D:7      | 6997 ||| Stepping ~*~*~tactically~*~*~ (hiding).
  6998 | D:7      | 6998 ||| Stepping ~*~*~tactically~*~*~ (hiding).
  7007 | D:7      | 7007 ||| INVOKING Fiery Armour.
  7015 | D:7      | 7015 ||| FLEEEEING.
  7016 | D:7      | 7016 ||| FLEEEEING.
  7017 | D:7      | 7017 ||| FLEEEEING.
  7018 | D:7      | 7018 ||| FLEEEEING.
  7019 | D:7      | 7019 ||| FLEEEEING.
  7022 | D:7      | 7022 ||| FLEEEEING.
  7023 | D:7      | 7023 ||| FLEEEEING.
  7024 | D:7      | 7024 ||| FLEEEEING.
  7025 | D:7      | 7025 ||| FLEEEEING.
  7026 | D:7      | 7026 ||| FLEEEEING.
  7027 | D:7      | 7027 ||| STAIRDANCE
  7250 | D:7      | 7250 ||| STAIRDANCE
  7255 | D:6      | 7255 ||| INVOKING Fiery Armour.
  7480 | D:6      | 7480 ||| UPGRADING to +0 chain mail.
  7490 | D:6      | 7490 ||| DROPPING +0 scale mail.
  7494 | D:7      | 7494 ||| STAIRDANCE
  7603 | D:7      | Found Zin's Purification Station.
  7605 | D:7      | Found a glowing silver altar of Zin.
  7611 | D:7      | 7611 ||| BUYING potion of curing (90 gold).
  7611 | D:7      | Bought a potion of curing for 90 gold pieces
  7630 | D:7      | Found an ornate altar of the Wu Jian Council.
  7789 | D:7      | Found a staircase to the Ecumenical Temple.
  7902 | D:7      | 7902 ||| FLEEEEING.
  7903 | D:7      | 7903 ||| FLEEEEING.
  7904 | D:7      | 7904 ||| FLEEEEING.
  7905 | D:7      | 7905 ||| FLEEEEING.
  8198 | D:7      | 8198 ||| READING scroll labelled CABRAE USTOREF.
  8199 | D:7      | 8199 ||| Stepping randomly (stuck).
  8200 | D:7      | 8200 ||| Stepping ~*~*~tactically~*~*~ (cloud).
  8332 | D:8      | 8332 ||| FLEEEEING.
  8333 | D:8      | 8333 ||| FLEEEEING.
  8334 | D:8      | 8334 ||| STAIRDANCE
  8397 | D:8      | 8397 ||| STAIRDANCE
  8402 | D:8      | 8402 ||| STAIRDANCE
  8445 | D:8      | 8445 ||| Stepping ~*~*~tactically~*~*~ (stealth).
  8446 | D:8      | 8446 ||| Stepping ~*~*~tactically~*~*~ (stealth).
  8451 | D:8      | 8451 ||| FLEEEEING.
  8452 | D:8      | 8452 ||| FLEEEEING.
  8453 | D:8      | 8453 ||| FLEEEEING.
  8454 | D:8      | 8454 ||| FLEEEEING.
  8455 | D:8      | 8455 ||| FLEEEEING.
  8456 | D:8      | 8456 ||| FLEEEEING.
  8457 | D:8      | 8457 ||| FLEEEEING.
  8458 | D:8      | 8458 ||| FLEEEEING.
  8459 | D:8      | 8459 ||| FLEEEEING.
  8460 | D:8      | 8460 ||| FLEEEEING.
  8461 | D:8      | 8461 ||| FLEEEEING.
  8462 | D:8      | 8462 ||| FLEEEEING.
  8463 | D:8      | 8463 ||| FLEEEEING.
  8464 | D:8      | 8464 ||| FLEEEEING.
  8465 | D:8      | 8465 ||| FLEEEEING.
  8468 | D:8      | 8468 ||| STAIRDANCE
  8570 | D:8      | 8570 ||| STAIRDANCE
  8583 | D:8      | 8583 ||| STAIRDANCE
  8632 | D:8      | 8632 ||| Stepping ~*~*~tactically~*~*~ (hiding).
  8634 | D:8      | 8634 ||| Stepping ~*~*~tactically~*~*~ (hiding).
  8644 | D:8      | 8644 ||| Stepping ~*~*~tactically~*~*~ (stealth).
  8650 | D:8      | 8650 ||| Stepping ~*~*~tactically~*~*~ (stealth).
  8722 | D:8      | Found a runed translucent gate.
  8723 | D:8      | Found a runed translucent gate.
  8725 | D:8      | Found a runed translucent gate.
  8730 | D:8      | Noticed qw's ghost (novice TrCA)
  8868 | D:8      | 8868 ||| Stepping ~*~*~tactically~*~*~ (stealth).
  8883 | D:8      | Reached skill level 12 in Axes
  8905 | D:8      | 8905 ||| Stepping ~*~*~tactically~*~*~ (hiding).
  8923 | D:8      | 8923 ||| Stepping ~*~*~tactically~*~*~ (stealth).
  8924 | D:8      | 8924 ||| Stepping ~*~*~tactically~*~*~ (stealth).
  8925 | D:8      | 8925 ||| Stepping ~*~*~tactically~*~*~ (stealth).
  8926 | D:8      | 8926 ||| Stepping ~*~*~tactically~*~*~ (stealth).
  8927 | D:8      | 8927 ||| Stepping ~*~*~tactically~*~*~ (stealth).
  8928 | D:8      | 8928 ||| Stepping ~*~*~tactically~*~*~ (stealth).
  8929 | D:8      | 8929 ||| Stepping ~*~*~tactically~*~*~ (stealth).
  8930 | D:8      | 8930 ||| Stepping ~*~*~tactically~*~*~ (stealth).
  8953 | D:8      | 8953 ||| Stepping ~*~*~tactically~*~*~ (stealth).
  8954 | D:8      | 8954 ||| Stepping ~*~*~tactically~*~*~ (stealth).
  8974 | D:8      | 8974 ||| Stepping ~*~*~tactically~*~*~ (stealth).
  8975 | D:8      | 8975 ||| Stepping ~*~*~tactically~*~*~ (stealth).
  9168 | D:8      | 9168 ||| Stepping ~*~*~tactically~*~*~ (stealth).
  9558 | D:8      | 9558 ||| READING 3 scrolls labelled MUSO DEUNAZXEA.
  9559 | D:8      | 9559 ||| READING 2 scrolls of identify.
  9559 | D:8      | 9559 ||| IDENTIFYING sapphire potion
  9560 | D:8      | 9560 ||| DROPPING 2 scrolls of vulnerability.
  9599 | D:9      | 9599 ||| Stepping ~*~*~tactically~*~*~ (stealth).
  9601 | D:9      | 9601 ||| Stepping ~*~*~tactically~*~*~ (hiding).
  9603 | D:9      | 9603 ||| Stepping ~*~*~tactically~*~*~ (hiding).
  9904 | D:9      | 9904 ||| Stepping ~*~*~tactically~*~*~ (hiding).
  9936 | D:9      | Found an ornate altar of the Wu Jian Council.
  9945 | D:9      | 9945 ||| Stepping ~*~*~tactically~*~*~ (stealth).
  9951 | D:9      | Noticed a cyclops
  9952 | D:9      | 9952 ||| INVOKING Fiery Armour.
  9954 | D:9      | Noticed a skeletal warrior
  9956 | D:9      | Reached XP level 11. HP: 58/86 MP: 12/12
  9960 | D:9      | 9960 ||| FLEEEEING.
  9961 | D:9      | 9961 ||| FLEEEEING.
  9962 | D:9      | 9962 ||| FLEEEEING.
  9964 | D:9      | 9964 ||| FLEEEEING.
  9978 | D:9      | 9978 ||| FLEEEEING.
  9979 | D:9      | 9979 ||| FLEEEEING.
  9980 | D:9      | 9980 ||| FLEEEEING.
  9983 | D:9      | 9983 ||| FLEEEEING.
  9984 | D:9      | 9984 ||| FLEEEEING.
  9985 | D:9      | 9985 ||| FLEEEEING.
  9986 | D:9      | 9986 ||| FLEEEEING.
  9987 | D:9      | 9987 ||| FLEEEEING.
  9988 | D:9      | 9988 ||| FLEEEEING.
  9989 | D:9      | 9989 ||| FLEEEEING.
  9993 | D:9      | 9993 ||| FLEEEEING.
  9994 | D:9      | 9994 ||| FLEEEEING.
  9995 | D:9      | 9995 ||| FLEEEEING.
  9996 | D:9      | 9996 ||| FLEEEEING.
  9997 | D:9      | 9997 ||| FLEEEEING.
 10009 | D:9      | 10009 ||| FLEEEEING.
 10010 | D:9      | 10010 ||| FLEEEEING.
 10011 | D:9      | 10011 ||| FLEEEEING.
 10015 | D:9      | 10015 ||| FLEEEEING.
 10016 | D:9      | 10016 ||| FLEEEEING.
 10017 | D:9      | 10017 ||| FLEEEEING.
 10018 | D:9      | 10018 ||| FLEEEEING.
 10019 | D:9      | 10019 ||| FLEEEEING.
 10020 | D:9      | 10020 ||| FLEEEEING.
 10021 | D:9      | 10021 ||| FLEEEEING.
 10022 | D:9      | 10022 ||| FLEEEEING.
 10025 | D:9      | 10025 ||| FLEEEEING.
 10026 | D:9      | 10026 ||| FLEEEEING.
 10030 | D:9      | 10030 ||| FLEEEEING.
 10031 | D:9      | 10031 ||| FLEEEEING.
 10032 | D:9      | 10032 ||| FLEEEEING.
 10033 | D:9      | 10033 ||| FLEEEEING.
 10034 | D:9      | 10034 ||| FLEEEEING.
 10035 | D:9      | 10035 ||| FLEEEEING.
 10036 | D:9      | 10036 ||| FLEEEEING.
 10042 | D:9      | 10042 ||| STAIRDANCE
 10151 | D:9      | 10151 ||| INVOKING Fiery Armour.
 10159 | D:9      | HP: 20/86 [skeletal warrior/+0 flail (4)]
 10160 | D:9      | 10160 ||| DRINKING potion of heal wounds.
 10164 | D:9      | HP: 17/86 [skeletal warrior/+0 flail (4)]
 10175 | D:9      | HP: 8/86 [skeletal warrior/+0 flail (10)]
 10179 | D:9      | Slain by a skeletal warrior

Levels and vault maps discovered:
D:1:      eino_arrival_water_cross, layout_basic
D:2:      layout_rooms, basic_ecumenical_altar
D:3:      layout_basic, mainiacjoe_overflow_chevrons
D:4:      layout_basic, mainiacjoe_overflow_small_starburst, serial_undead,
          serial_undead_c, serial_undead_d, serial_undead_a, serial_undead_f,
          serial_undead_e, serial_undead_a, chequers_serial_rivers_micro_b
D:5:      layout_gridville, elyvilon_altar_1, uniq_duvessa
D:6:      kennysheep_windowed_halls, layout_gridville,
          nicolae_ru_great_annihilating_truth, ebering_ghost_sewer_d,
          st_stairs_6
D:7:      layout_rooms, nicolae_wu_jian_wuxing_cycle, zin_purify,
          minmay_temple_entry_mini_moons, serial_rivers,
          chequers_serial_rivers_marsh, chequers_serial_rivers_micro_a,
          chequers_serial_rivers_micro_c, chequers_serial_rivers_micro_c,
          chequers_serial_rivers_large_b, minmay_stone_trees_small,
          minmay_misc_feat_cross, kennysheep_donut
D:8:      layout_basic, gammafunk_ghost_necromancy
D:9:      minmay_the_grid_octo_tiled_squarecenter
          [minmay_the_grid_octo_vomiting_pacman, minmay_the_grid_octo_horde,
          minmay_the_grid_octo_checkered, minmay_the_grid_octo_toaster,
          minmay_the_grid_square_5x5_megaprize_checkered,
          minmay_the_grid_square_5x5_shrine1, minmay_the_grid_square_5x5_n,
          minmay_the_grid_square_5x5_gyroscope,
          minmay_the_grid_square_5x5_spiral], layout_basic, grunt_ministairs_7,
          kennysheep_cross_room

Skill      XL: |  1  2  3  4  5  6  7  8  9 10 |
---------------+-------------------------------+-----
Axes           | 4 5 6 7 9 10 12 | 12.9
Armour         | 1 2 3 5 |  5.0
Dodging        | 1 2 |  2.3
Fighting       | 4 5 7 8 |  8.0
Throwing       | 2 3 |  3.1
Spellcasting   | |  1.1
Fire Magic     | |  3.0

Action                   |  1- 3 |  4- 6 |  7- 9 | 10-12 || total
-------------------------+-------+-------+-------+-------++-------
Melee: Hand axe          |    97 |   102 |   195 |   229 ||   623
       Punch             |     1 |       |     2 |     9 ||    12
Throw: Boomerang         |    17 |    27 |     6 |    41 ||    91
       Javelin           |       |     5 |    45 |    12 ||    62
Invok: Fiery Armour      |     1 |       |     5 |     4 ||    10
  Use: Scroll            |     3 |     4 |     7 |     5 ||    19
       Potion            |     1 |     1 |     4 |     1 ||     7
Armor: Robe              |     5 |       |       |       ||     5
       Ring mail         |    17 |    29 |     3 |       ||    49
       Scale mail        |       |       |   100 |    37 ||   137
       Chain mail        |       |       |       |    93 ||    93
Dodge: Dodged            |    56 |    36 |   100 |    81 ||   273

Table legend:
 A = Non-vault XP
 B = Vault XP
 C = Vault XP percentage of total XP
 D = Non-vault monster count
 E = Vault monster count
 F = Vault count percentage of total count
                 A         B        C        D         E       F
            +---------+---------+-------+---------+---------+-------
      Total |    4594 |    3449 |  42.9 |     167 |      49 |  22.7
            +---------+---------+-------+---------+---------+-------
        D:1 |      51 |       0 |   0.0 |      25 |       0 |   0.0
        D:2 |      20 |       0 |   0.0 |       9 |       0 |   0.0
        D:3 |      20 |       0 |   0.0 |      10 |       0 |   0.0
        D:4 |     298 |     518 |  63.5 |      21 |      16 |  43.2
        D:5 |     629 |     209 |  24.9 |      20 |       2 |   9.1
        D:6 |    1209 |    1880 |  60.9 |      27 |      25 |  48.1
        D:7 |    1106 |       0 |   0.0 |      18 |       0 |   0.0
        D:8 |     707 |       0 |   0.0 |      27 |       0 |   0.0
        D:9 |     554 |     842 |  60.3 |      10 |       6 |  37.5
            +---------+---------+-------+---------+---------+-------
